Workbook
Name \a: #REF!
Name \b: #REF!
Name \eliminar: [1]RESUM96!#REF!
Name \eliminar1: [1]RESUM96!#REF!
Name \p: '[2]OPS&OMS'!$Z$2:$AE$23
Name \q: #REF!
Name _________________________EQP1: #REF!
Name _________________________EQP10: #REF!
Name _________________________EQP11: #REF!
Name _________________________EQP12: #REF!
Name _________________________EQP13: #REF!
Name _________________________EQP14: #REF!
Name _________________________EQP15: #REF!
Name _________________________EQP16: #REF!
Name _________________________EQP17: #REF!
Name _________________________EQP18: #REF!
Name _________________________EQP19: #REF!
Name _________________________EQP2: #REF!
Name _________________________EQP20: #REF!
Name _________________________EQP3: #REF!
Name _________________________EQP4: #REF!
Name _________________________EQP5: #REF!
Name _________________________EQP6: #REF!
Name _________________________EQP7: #REF!
Name _________________________EQP8: #REF!
Name _________________________EQP9: #REF!
Name _________________________MAT1: #REF!
Name _________________________MAT10: #REF!
Name _________________________MAT11: #REF!
Name _________________________MAT12: #REF!
Name _________________________MAT13: #REF!
Name _________________________MAT14: #REF!
Name _________________________MAT15: #REF!
Name _________________________MAT16: #REF!
Name _________________________MAT17: #REF!
Name _________________________MAT18: #REF!
Name _________________________MAT19: #REF!
Name _________________________MAT2: #REF!
Name _________________________MAT20: #REF!
Name _________________________MAT21: #REF!
Name _________________________MAT22: #REF!
Name _________________________MAT23: #REF!
Name _________________________MAT24: #REF!
Name _________________________MAT25: #REF!
Name _________________________MAT26: #REF!
Name _________________________MAT27: #REF!
Name _________________________MAT28: #REF!
Name _________________________MAT29: #REF!
Name _________________________MAT3: #REF!
Name _________________________MAT30: #REF!
Name _________________________MAT31: #REF!
Name _________________________MAT32: #REF!
Name _________________________MAT33: #REF!
Name _________________________MAT34: #REF!
Name _________________________MAT35: #REF!
Name _________________________MAT36: #REF!
Name _________________________MAT37: #REF!
Name _________________________MAT4: #REF!
Name _________________________MAT5: #REF!
Name _________________________MAT6: #REF!

Sheet Presupuesto
A5: MEJORAMIENTO Y ADECUACIÓN PARA LA RECUPERACIÓN URBANÍSTICA DEL PARQUE PRINCIPAL DEL CORREGIMIENTO DE PUERTO CLAVER, ZONA URBANA DEL MUNICIPIO DE EL BAGRE-ANTIOQUIA
A6: Ítems | B6: DESCRIPCIÓN DE LAS ACTIVIDADES | C6: UNIDAD | D6: CANTIDAD | E6: VALOR UNITARIO | F6: VALOR TOTAL
A7: 1 | B7: PRELIMINARES
A8: 1.1 | B8: Cerramiento perimetral en tela verde h=2,0 mts | C8: ml | D8: 50 | E8: =APU!I34 -> 13586.681 | F8: =D8*E8 -> 679334.05
A9: 1.2 | B9: Limpieza y remocion de moho y verdin producto de la humedad sobre graderias existentes | C9: m2 | D9: 50.1 | E9: =APU!I76 -> 7564.4827 | F9: =D9*E9 -> 378980.58
A10: 1.3 | B10: Demolicion de tarima existente, incluye retiro y disposicion final | C10: gl | D10: 1 | E10: 2850000 | F10: =D10*E10 -> 2850000
A11: 2 | B11: CARPINTERIA METALICA
A12: 2.1 | B12: Mantenimiento y adecuacion de arquerias para cancha multiple, incluye pintura organización de malla existente y repocicion de cesta para juego de baloncesto | C12: und | D12: 2 | E12: =APU!I496 -> 569393.62 | F12: =D12*E12 -> 1138787.2
A13: 2.2 | B13: Suministro e instalacion de canecas mobiliario irbano 984 AI | C13: und | D13: 4 | E13: =APU!I622 -> 914633.62 | F13: =D13*E13 -> 3658534.5
A14: 2.3 | B14: Suministro e instalacion de maquinas para parque de gimnasio biosaludables para espacio publico. | C14: und | D14: 6 | E14: =APU!I1128 -> 5544501.7 | F14: =D14*E14 -> 33267010
A15: 2.4 | B15: Mantenimiento de las letras YO AMO A PUERTO CLAVER, incluye instalaciones electricas y pintura. | C15: global | D15: 1 | E15: 2650000 | F15: =D15*E15 -> 2650000
A16: 3 | B16: INSTALACIONES ELECTRICAS
A17: 3.1 | B17: Suministro e instalacion de poste en concreto de 8 mts | C17: und | D17: 4 | E17: =APU!I664 -> 2890800 | F17: =D17*E17 -> 11563200
A18: 3.2 | B18: suministro e instalacion de reflectores led de 200 watts, para iluminacion dincluye todos los elementos necesarios para su correcto funcionamiento | C18: und | D18: 12 | E18: =APU!I706 -> 401900 | F18: =D18*E18 -> 4822800
A19: 3.3 | B19: Suministro e instalacion de caja de 16 circuitos con tacos en caja de circuitos para el funcionamiento de reflectores del sistema, incluye todo lo necesario para su correcto funcionamiento | C19: Gl | D19: 1 | E19: =APU!I1296 -> 1185800 | F19: =D19*E19 -> 1185800
A20: 3.4 | B20: Suministro e instalacion de alambre de cobre N° 10 | C20: rollo | D20: 3 | E20: =APU!I790 -> 392900 | F20: =D20*E20 -> 1178700
A21: 3.5 | B21: Suministro e instalacion de alambre encauchetado 3x10 | C21: ml | D21: 60 | E21: =APU!I1338 -> 19300 | F21: =D21*E21 -> 1158000
A22: 4 | B22: MOBILIARIO | F22: =D22*E22 -> 0
A23: 4.1 | B23: Suministro e instalación de parque infantil en madera inmunizada según diseño | C23: un | D23: 1 | E23: =APU!I1086 -> 12341407 | F23: =D23*E23 -> 12341407
A24: 4.2 | B24: Suministro e instalación de garama sintetica | C24: m2 | D24: 20 | E24: 85500 | F24: =D24*E24 -> 1710000
A25: 5 | B25: PINTURA
A26: 5.1 | B26: Suministro e aplicación de Pintura aclirica de trafico tipo I para area de graderia | C26: m2 | D26: 45 | E26: =APU!I832 -> 13317.379 | F26: =D26*E26 -> 599282.06
A27: 6.2 | B27: Suministro e aplicación de Pintura aclirica de trafico tipo I para area de placa deportiva | C27: m2 | D27: 454 | E27: =APU!I874 -> 13317.379 | F27: =D27*E27 -> 6046090.2
A28: 6.3 | B28: Suministro e aplicación de Pintura aclirica de trafico tipo I para area de gimnasio y parque infantil | C28: m2 | D28: 40 | E28: =APU!I916 -> 13317.379 | F28: =D28*E28 -> 532695.17
A29: 6 | B29: CONCRETOS | F29: =D29*E29 -> 0
A30: 6.1 | B30: reparacion de anden existente en granito pilido y loseta | C30: m2 | D30: 42 | E30: =+PLANTILLA!I46 -> 83327 | F30: =D30*E30 -> 3499734
A31: 6.2 | B31: Suministro, transporte y colocación de BANCA CON ESPALDAR ESPECIFICACIONES / BANCA 3 PUESTOS Color: Gris; Instalación: Autoportante; Material: Concreto; Color: gris; Peso: 277 kg, Long: 1.80 m Incluye: anclaje y todas las especificaciones y detalles de los planos técnicos de fabricación y arquitectónicos. Incluye concreto de 21 Mpa para anclaje, acabado a la vista, excavación, ajustes de piso, cargue y botada de escombros. | C31: un | D31: 8 | E31: =+BANCA!I46 -> 1789086 | F31: =D31*E31 -> 14312688
A32: 7 | B32: ZONAS VERDES
A33: 7.1 | B33: Adecuacion de zonas verdes existente | C33: m2 | D33: 40 | E33: 24500 | F33: =+D33*E33 -> 980000
A34: 8 | B34: OTROS
A35: 8.1 | B35: Aseo general | C35: global | D35: 1 | E35: =APU!I1422 -> 802500 | F35: =D35*E35 -> 802500
C39: COSTOS DIRECTOS | F39: =SUM(F8:F38) -> 1.0535554e+08
D40: AU | E40: =+'A.U '!G69 -> 0.3131 | F40: =+F39*E40 -> 32986820
B41: DOIVER NISPERUZA LOPEZ | C41: TOTAL OBRA | F41: =F39+F40 -> 1.3834236e+08
C52: COSTOS INTERVENTORÌA | F52: =+F41*0.07 -> 9683965.4
C53: COSTO TOTAL DEL PROYECTO | F53: =+F52+F41 -> 1.4802633e+08
A56: 6.4 | B56: Suministro, transporte e instalación de ventana de madera y varilla de 1.00 m x 2.00 m. | C56: m2 | D56: 39.6 | E56: =+[244]A.P.U.!I2522 -> 101348 | F56: =+E56*D56 -> 4013380.8
A57: 6.2 | B57: Guardaescoba Media caña en granito fundido y pulido. | C57: ml | D57: =30*3 -> 90 | E57: =+[244]A.P.U.!I2859 -> 83100 | F57: =D57*E57 -> 7479000
A58: 10.6 | B58: Suministro e instalación de ducto plástico de 1/2". Incluye abrazaderas y accesorios | C58: ml | D58: 100 | E58: =+[244]A.P.U.!I3532 -> 6186 | F58: =D58*E58 -> 618600
A59: 10.8 | B59: Suministro e instalación de ducto plástico de 1 1/4". Incluye corte, resane en mortero 1:4, abrazaderas y accesorios | C59: ml | D59: =+D61 -> 30 | E59: =+[244]A.P.U.!I2222 -> 12156 | F59: =D59*E59 -> 364680
A60: 10.9 | B60: Suministro e instalación de ducto plástico de 1". Incluye corte, resane en mortero 1:4, abrazaderas y accesorios | C60: ml | D60: =+D62 -> 50 | E60: =+[244]A.P.U.!I2274 -> 13571 | F60: =D60*E60 -> 678550
A61: 10.3 | B61: Acometida general trifilar 2#4+1#6 | C61: ml | D61: 30 | E61: =+[244]A.P.U.!I2327 -> 27349 | F61: =D61*E61 -> 820470
A62: 10.4 | B62: Acometida general trifilar 2#6+1#8 + 1# 10 | C62: ml | D62: 50 | E62: =+[244]A.P.U.!I2380 -> 20734 | F62: =D62*E62 -> 1036700
A63: 8.1 | B63: Suministro e instalación de cubierta lamina termo acústica y estructura metálica. Incluye correas en perfil Cajón 160 x 60 x 1,9, contravientos Ø1/2" platina 1/4", pernos, soldadura y pintura anticorrosiva. Aula 1 - 7 | C63: m2 | D63: 206.26 | E63: =+[244]A.P.U.!I1626 -> #DIV/0! | F63: =+E63*D63 -> #DIV/0!
A64: 9.8 | B64: Ventana V-4. En aluminio y vidrio de seguridad. cr c18. Dimensiones 3,00 m x 0.40 m(s/detalle). | C64: un | D64: =+[244]CANTIDADES!#REF! -> #REF! | E64: =+[244]A.P.U.!I2475 -> 426195 | F64: =+D64*E64 -> #REF!
A65: 9.6 | B65: Ventana V-2. En aluminio y vidrio de seguridad. cr c18 . Dimensiones 3,60 m x 1,00 m(s/detalle). | C65: un | D65: =+[244]CANTIDADES!#REF! -> #REF! | E65: =+[244]A.P.U.!I2428 -> 658770 | F65: =+D65*E65 -> #REF!
A66: 9.2 | B66: Puerta P-2, metálica metalica galvanizada calibre 20 para baños. Inlcuye marco y pintura. Dimensiones 0,70 m x 2,00 m | C66: un | D66: =+[244]CANTIDADES!#REF! -> #REF! | E66: =+[244]A.P.U.!I2569 -> 250635 | F66: =+D66*E66 -> #REF!
A67: 9.3 | B67: Puerta P-3, metálica metalica galvanizada calibre 20 para baños. Inlcuye marco y pintura. Dimensiones 1,20 m x 1,80 m | C67: un | D67: =+[244]CANTIDADES!#REF! -> #REF! | E67: =+[244]A.P.U.!I2616 -> 526680 | F67: =+D67*E67 -> #REF!
A68: 9.4 | B68: Puerta P-4, persiana metálica, marco en tubo cuadrado, 3,95 m x 2,20 m. Ver detalle. | C68: un | D68: =+[244]CANTIDADES!#REF! -> #REF! | E68: =+[244]A.P.U.!I2663 -> 1737540 | F68: =+D68*E68 -> #REF!
A69: 3.3 | B69: Concreto zapatas f'c = 3.000 psi | C69: m3 | D69: =+[244]CANTIDADES!G49 -> 1.404 | E69: =+[244]A.P.U.!I3244 -> 806050 | F69: =+E69*D69 -> 1131694.2
A70: 3.4 | B70: Pedestal de dimensiones 0,40 m x 0,40 m x 0,40. En concreto f'c = 3000 psi | C70: m3 | D70: =ROUND([244]CANTIDADES!G56,2) -> 0.83 | E70: =+[244]A.P.U.!I3293 -> 861783 | F70: =D70*E70 -> 715279.89
B72: CONCRETOS MURO DE CERRAMIENTO
A73: 3.9 | B73: Viga de amarre de 0,30 m x 0,30 m. En concreto f'c= 3000 psi. | C73: m3 | D73: =ROUND([244]CANTIDADES!#REF!,2) -> #REF! | E73: =+[244]A.P.U.!I3000 -> 894580 | F73: =D73*E73 -> #REF!
A74: 3.10 | B74: Viga de amarre superior sobre muro dimensiones 0,15 m x 0,20 m. Concreto f'c = 3.000 psi | C74: m3 | D74: =ROUND([244]CANTIDADES!#REF!,2) -> #REF! | E74: =+[244]A.P.U.!I3050 -> 888898.14 | F74: =D74*E74 -> #REF!
A75: 3.11 | B75: Suministro e instalacion de concreto para Columna. Dimensiones 0,15 m x 0,20m. f'c =3000 psi | C75: m3 | D75: =ROUND([244]CANTIDADES!#REF!,2) -> #REF! | E75: =+[244]A.P.U.!I3099 -> 897892 | F75: =D75*E75 -> #REF!
A76: 3.12 | B76: Suministro transporte e instalación de zapata de dimensiones 0,60 m x 0,60 m x 0,30. En concreto f'c =3000 psi | C76: m3 | D76: =ROUND([244]CANTIDADES!#REF!,2) -> #REF! | E76: =+[244]A.P.U.!I3147 -> 856301.14 | F76: =D76*E76 -> #REF!
A78: 7.1 | B78: Suministro, transporte e instalación de enchape sobre muros Cerámica 20 x 20 cm, en colores Blanco, para baños. (incuye pega, biselada, win de remate en aluminio y emboquillada). | C78: m2 | D78: =ROUND([244]CANTIDADES!B114,2) -> 17.1 | E78: =+[244]A.P.U.!I2808 -> 49785 | F78: =E78*D78 -> 851323.5
A79: 11 | B79: INSTALACIONES SANITARIAS
A80: 11.1 | B80: Suministro, transporte e instalación de Tubería PVC RDE 21 Ø 1 " para acometida | C80: ml | D80: 20 | E80: =+[244]A.P.U.!I1675 -> 8446 | F80: =E80*D80 -> 168920
A81: 11.2 | B81: Suministro, transporte e instalación de punto agua potable de Ø1/2". | C81: un | D81: 20 | E81: =+[244]A.P.U.!$I$1724 -> 22640 | F81: =E81*D81 -> 452800
A82: 11.3 | B82: Suministro e instalación de llaves terminales de Ø1/2" | C82: un | D82: 1 | E82: =+[244]A.P.U.!I1774 -> 34132 | F82: =E82*D82 -> 34132
A83: 11.4 | B83: Suministro, transporte e instalación de punto sanitario de Ø2". | C83: un | D83: 10 | E83: =+[244]A.P.U.!I1826 -> 25851 | F83: =E83*D83 -> 258510
A84: 11.5 | B84: Suministro y construcción de punto sanitarios de Ø 4" | C84: un | D84: 10 | E84: =+[244]A.P.U.!I1876 -> 36246 | F84: =E84*D84 -> 362460
A85: 11.6 | B85: Suministro, transporte e instalación de aparato sanitario, dos piezas, anillo cerrado, linea institucional, antivandalismo , incluye accesorios. | C85: un | D85: 10 | E85: =+[244]A.P.U.!I1926 -> 521900 | F85: =E85*D85 -> 5219000
A86: 11.7 | B86: Suministro, transporte e Instalación de tubería sanitaria de 4". | C86: ml | D86: 30 | E86: =+[244]A.P.U.!I3341 -> 23117 | F86: =E86*D86 -> 693510
A87: 11.8 | B87: Suministro, transporte e instalación de lavamanos sobreponer, incluye grifería y accesorios. | C87: un | D87: 10 | E87: =+[244]A.P.U.!I2024 -> 155150 | F87: =E87*D87 -> 1551500
A88: 11.9 | B88: Domiciliarias alcantarillado pvc. Incluye, tuberia Diámetro 6" y longitud 20 m. Silla ye de Ø8"x6" y accesorios | C88: un | D88: 1 | E88: =+[244]A.P.U.!I2072 -> 615030 | F88: =E88*D88 -> 615030 | H88: 3.2.1.5.16
A89: 11.10 | B89: Registro de dimensiones de 0.60 m x 0.60 m x 0,60 m. | C89: un | D89: 2 | E89: =+[244]A.P.U.!I2121 -> 276620 | F89: =E89*D89 -> 553240
A90: 11.11 | B90: Suministro e instalación de sifón de piso y rejilla | C90: un | D90: 6 | E90: =+[244]A.P.U.!I2171 -> 25690 | F90: =E90*D90 -> 154140
A92: 8.2 | B92: Suministro e instalación de cubierta lamina termo acústica y estructura metálica. Incluye correas en perfil Cajón 160 x 60 x 1,9, contravientos Ø1/2" platina 1/4", pernos, soldadura y pintura anticorrosiva. Batería Sanitaria | C92: m2 | D92: =ROUND([244]CANTIDADES!E105,2) -> 185.09 | E92: =+[244]A.P.U.!I2712 -> 92628 | F92: =+E92*D92 -> 17144517
A93: 6.4 | B93: Suministro, transporte e instalación de ceramica trafico alto pisos baños, 30 cm x 30 cm en colores blanco y/o azul para baños. Incluye mortero de nivelación fijaplux o similar. | C93: m2 | D93: =+[244]CANTIDADES!B115 -> 4.56 | E93: =+[244]A.P.U.!I731 -> 68844 | F93: =D93*E93 -> 313928.64
A94: 5.1 | B94: Muro 15 cm X 20 cm X 40 cm con bloques tipo split entero. Abusardadouna cara y la lo otra lisa indural o similar. Relleno con grouting. Resistencia a la compresión 15 Mpa. | C94: m2 | D94: =ROUND([244]CANTIDADES!E98+[244]CANTIDADES!#REF!,2) -> #REF! | E94: =+[244]A.P.U.!I2903 -> 94001 | F94: =D94*E94 -> #REF!
A95: 3.6 | B95: Suministro transporte e instalación de columna de dimensiones 0,25 m x 0,25 m. En concreto 3.000 psi. | C95: ml | D95: =ROUND([244]CANTIDADES!G78,2) -> 60.46 | E95: =+[244]A.P.U.!I3195 -> 260849 | F95: =D95*E95 -> 15770931
A96: 3.8 | B96: Viga de cinta sobre muro de sección 0,15 m x0,10 m en concreto f'c=3.000 psi | C96: m3 | D96: =ROUND([244]CANTIDADES!G89,2) -> 33 | E96: =+[244]A.P.U.!I2952 -> 854725 | F96: =D96*E96 -> 28205925
A97: 2.1 | B97: Excavación para redes con dimensión de 40x40 cm | C97: ml | D97: 20 | E97: =+[244]A.P.U.!I3341 -> 23117 | F97: =+E97*D97 -> 462340
A98: 1.3 | B98: Demolición de anden placa existente | C98: m2 | D98: 344.9 | E98: =+[244]A.P.U.!I3386 -> 13545 | F98: =+E98*D98 -> 4671670.5
A99: 10.4 | B99: Suministro, transporte e instalación de tanque plástico de 2000 litros. Incluye accesorios para conexión | C99: un | D99: 1 | E99: =+[244]A.P.U.!I3433 -> 512261 | F99: =E99*D99 -> 512261
A100: 10.6 | B100: Suministro, transporte e instalación de aparato sanitario infantil, incluye accesorios. | C100: un | D100: 2 | E100: =+[244]A.P.U.!I4208 -> 481500 | F100: =E100*D100 -> 963000
A101: 9.9 | B101: Metro lineal de cable trifilar 2#8 + 1#10 | C101: ml | D101: 50 | E101: =+[244]A.P.U.!I3482 -> 12083.4 | F101: =D101*E101 -> 604170
A102: 9.11 | B102: Suministro, transporte e instalación de toma doble. | C102: un | D102: 6 | E102: =+[244]A.P.U.!I3581 -> 23982 | F102: =D102*E102 -> 143892
A103: 9.12 | B103: Metro lineal de alambre monofásica trifilar 2 #12. | C103: ml | D103: 40 | E103: =+[244]A.P.U.!I3631 -> 5138 | F103: =D103*E103 -> 205520
A104: 9.1 | B104: Acometida monofásica trifilar 2AWG8+1AWG10 | C104: ml | D104: 30 | E104: =+[244]A.P.U.!I3680 -> 27942 | F104: =D104*E104 -> 838260
A105: 9.2 | B105: Suministro, implementación e instalación de sistema de puesta a tierra | C105: un | D105: 1 | E105: =+[244]A.P.U.!I3729 -> 170279 | F105: =D105*E105 -> 170279
A106: 9.3 | B106: Tablero 6 circuitos con interruptores automáticos incluidos | C106: un | D106: 1 | E106: =+[244]A.P.U.!I3778 -> 291480 | F106: =D106*E106 -> 291480
A107: 9.4 | B107: Conexión a red publica | C107: un | D107: 1 | E107: =+[244]A.P.U.!I3826 -> 129801 | F107: =D107*E107 -> 129801
A108: 2.7 | B108: Subbase granular | C108: m3 | D108: =ROUND(#REF!*0.2,2) -> #REF! | E108: =+[244]A.P.U.!I4018 -> 63396 | F108: =+E108*D108 -> #REF!
A109: 3.9 | B109: Losa tanque elevado de 0,12 m de espesor. Dimensiones 1,5 m x 1,5 m. En concreto 1 : 2 : 3 | C109: un | D109: 1 | E109: =+[244]A.P.U.!I3875 -> 805993 | F109: =D109*E109 -> 805993
A110: 3.10 | B110: Pavimento de concreto Hidráulico resistencia f'c=3000 psi, espesor 20 cm. | C110: m3 | D110: =ROUND(#REF!*0.2,2) -> #REF! | E110: =+[244]A.P.U.!I3923 -> 850066 | F110: =D110*E110 -> #REF!
A111: 2.2 | B111: Excavación manual de 0,0 m - 3,0 m, en material heterogéneo (Caisson) | C111: m3 | D111: =ROUND(8*(PI()*1.2*1.2*0.25)*3,2) -> 27.14 | E111: =+[244]A.P.U.!I4112 -> 52673 | F111: =+E111*D111 -> 1429545.2
A112: 2.3 | B112: Excavación manual bajo agua de > 3,0 m - 6,0 m, en material heterogéneo. Incluye manejo de aguas (Caisson) | C112: m3 | D112: =ROUND(8*(PI()*1.2*1.2*0.25)*3,2) -> 27.14 | E112: =+[244]A.P.U.!I4158 -> 90437 | F112: =+E112*D112 -> 2454460.2
A113: 3.1 | B113: Concreto ciclópeo, f'c= 2.500 psi. Incluye encamisado en tubería de concreto Ø 1,0 m | C113: m3 | D113: =ROUND(8*(PI()*1*1*0.25)*6,2) -> 37.7 | E113: =+[244]A.P.U.!I4066 -> 817122 | F113: =D113*E113 -> 30805499
A114: 11 | B114: OTROS
A115: 11.1 | B115: Limpieza general de la obra | C115: un | D115: 1 | E115: =+[244]A.P.U.!I4258 -> 686950 | F115: =D115*E115 -> 686950
A116: 9.2 | B116: Suministro, transporte e instalación de puerta metálica galvanizada para baño de dimensiones de 0.75 m x 1.60 m. Calibre 20. Incluye bisagra de cierre. | C116: un | D116: =10+2 -> 12 | E116: =+[244]A.P.U.!I4592 -> 29988 | F116: =+E116*D116 -> 359856
A117: 7.1 | B117: Suministro, transporte e Instalación de tubería hidráulica de 1/2", para acometida. | C117: ml | D117: 12 | E117: =+[244]A.P.U.!I1975 -> 36246 | F117: =E117*D117 -> 434952
A118: 10 | B118: INSTALACIONES HIDRAULICAS Y SANITARIAS
A119: 10.3 | B119: Suministro, transporte e instalación de electrobomba de 1 HP. Incluye accesorios y tubería de Ø 1" para conexión a tanque elevado | C119: Global | D119: 1 | E119: =+[244]A.P.U.!I4641 -> 661290 | F119: =D119*E119 -> 661290
A120: 10.10 | B120: Suministro, transporte e instalación de tanque plástico de 5000 litros | C120: un | D120: 2 | E120: =+[244]A.P.U.!I4307 -> 1927800 | F120: =E120*D120 -> 3855600
A122: CAP. 2 | B122: I.E LA ESMERALDA
A123: 1 | B123: DEMOLICIONES
...

Sheet APU
A2: DEPARTAMENTO DE ANTIOQUIA MUNICIPIO DE EL BAGRE | F2: ANALISIS DE PRECIOS UNITARIOS
A5: OBJETO : | B5: =Presupuesto!A5 -> MEJORAMIENTO Y ADECUACIÓN PARA LA RECUPERACIÓN URBANÍSTICA DEL PARQUE PRINCIPAL DEL CORREGIMIENTO DE PUERTO CLAVER, ZONA URBANA DEL MUNICIPIO DE EL BAGRE-ANTIOQUIA
A7: ITEM: | B7: =Presupuesto!B8 -> Cerramiento perimetral en tela verde h=2,0 mts
A8: =Presupuesto!A8 -> 1.1
H9: UNIDAD: | I9: =Presupuesto!C8 -> ml
A10: I. EQUIPO
A11: DESCRIPCIÓN | F11: CANT | G11: Vr. / DIA | H11: REND. | I11: V-UNIT.
A12: Herramienta menor | I12: 66.681
H15: SUB-TOTAL | I15: =SUM(I12:I12) -> 66.681
A16: II. MATERIALES EN OBRA
A17: DESCRIPCIÓN | F17: UN. | G17: P-UNIT. | H17: CANT. | I17: V-UNIT.
A18: lona verde de cerramiento | F18: ml | G18: 4800 | H18: 1 | I18: =+H18*G18 -> 4800
A19: loston 3x4 para cerramiento | F19: und | G19: 25000 | H19: 0.25 | I19: =+H19*G19 -> 6250
A20: puntilla 3 pulgadas | F20: kg | G20: 7500 | H20: 0.1 | I20: =+H20*G20 -> 750
H23: SUB-TOTAL | I23: =SUM(I18:I20) -> 11800
A24: III. TRANSPORTES
A25: MATERIAL | E25: Vol (M3) | F25: DIST. | G25: M3-KM | H25: TARIFA | I25: V-UNIT.
H28: SUB-TOTAL
A29: IV. MANO DE OBRA
A30: PERSONAL | F30: JORNAL MAS PRESTAC. | H30: REND. | I30: V-UNIT.
A31: =CUADRILLAS!B14 -> CUADRILLA 1 | F31: =CUADRILLAS!C14 -> 137600 | H31: 80 | I31: =F31/H31 -> 1720
H33: SUB-TOTAL | I33: =SUM(I31:I32) -> 1720
F34: TOTAL COSTO DIRECTO | I34: =+I33+I28+I23+I15 -> 13586.681
A35: V. COSTOS INDIRECTOS
A36: DESCRIPCIÓN | H36: % | I36: V-TOTAL
A37: Administración | I37: =I34*H37/100 -> 0
A38: Utilidad | I38: =I34*H38/100 -> 0
A39: Imprevistos | I39: =I34*H39/100 -> 0
H40: SUB-TOTAL | I40: =SUM(I37:I39) -> 0
H42: TOTAL | I42: =I34+I40 -> 13586.681
A44: DEPARTAMENTO DE ANTIOQUIA MUNICIPIO DE EL BAGRE | F44: ANALISIS DE PRECIOS UNITARIOS
A47: OBJETO : | B47: =Presupuesto!A5 -> MEJORAMIENTO Y ADECUACIÓN PARA LA RECUPERACIÓN URBANÍSTICA DEL PARQUE PRINCIPAL DEL CORREGIMIENTO DE PUERTO CLAVER, ZONA URBANA DEL MUNICIPIO DE EL BAGRE-ANTIOQUIA
A49: ITEM: | B49: =Presupuesto!B9 -> Limpieza y remocion de moho y verdin producto de la humedad sobre graderias existentes
A50: =Presupuesto!A9 -> 1.2
H51: UNIDAD: | I51: =Presupuesto!C9 -> m2
A52: I. EQUIPO
A53: DESCRIPCIÓN | F53: CANT | G53: Vr. / DIA | H53: REND. | I53: V-UNIT.
A54: Herramienta menor | I54: 173.14933
A55: Hidrolavadora a combustibre | G55: 50000 | H55: =H73 -> 30 | I55: =G55/H55 -> 1666.6667
H57: SUB-TOTAL | I57: =SUM(I54:I55) -> 1839.816
A58: II. MATERIALES EN OBRA
A59: DESCRIPCIÓN | F59: UN. | G59: P-UNIT. | H59: CANT. | I59: V-UNIT.
A60: melody cepillo para piso celda dura | F60: und | G60: 23900 | H60: 0.02 | I60: =+H60*G60 -> 478
A61: fax ariel x3000gr | F61: und | G61: 22000 | H61: 0.03 | I61: =+H61*G61 -> 660
H65: SUB-TOTAL | I65: =SUM(I60:I61) -> 1138
A66: III. TRANSPORTES
A67: MATERIAL | E67: Vol (M3) | F67: DIST. | G67: M3-KM | H67: TARIFA | I67: V-UNIT.
I68: =H68/32 -> 0
H70: SUB-TOTAL | I70: =I68 -> 0
A71: IV. MANO DE OBRA
A72: PERSONAL | F72: JORNAL MAS PRESTAC. | H72: REND. | I72: V-UNIT.
A73: =CUADRILLAS!B14 -> CUADRILLA 1 | F73: =CUADRILLAS!C14 -> 137600 | H73: 30 | I73: =F73/H73 -> 4586.6667
H75: SUB-TOTAL | I75: =SUM(I73:I74) -> 4586.6667
F76: TOTAL COSTO DIRECTO | I76: =+I75+I70+I65+I57 -> 7564.4827
A77: V. COSTOS INDIRECTOS
A78: DESCRIPCIÓN | H78: % | I78: V-TOTAL
A79: Administración | I79: =I76*H79/100 -> 0
A80: Utilidad | I80: =I76*H80/100 -> 0
A81: Imprevistos | I81: =I76*H81/100 -> 0
H82: SUB-TOTAL | I82: =SUM(I79:I81) -> 0
H84: TOTAL | I84: =I76+I82 -> 7564.4827
A86: DEPARTAMENTO DE ANTIOQUIA MUNICIPIO DE EL BAGRE | F86: ANALISIS DE PRECIOS UNITARIOS
A89: OBJETO : | B89: =Presupuesto!A5 -> MEJORAMIENTO Y ADECUACIÓN PARA LA RECUPERACIÓN URBANÍSTICA DEL PARQUE PRINCIPAL DEL CORREGIMIENTO DE PUERTO CLAVER, ZONA URBANA DEL MUNICIPIO DE EL BAGRE-ANTIOQUIA
A91: ITEM: | B91: =Presupuesto!#REF! -> #REF!
A92: =Presupuesto!#REF! -> #REF!
H93: UNIDAD: | I93: =Presupuesto!#REF! -> #REF!
A94: I. EQUIPO
A95: DESCRIPCIÓN | F95: CANT | G95: Vr. / DIA | H95: REND. | I95: V-UNIT.
A96: Herramienta menor | I96: 173.14933
A97: Hidrolavadora a combustibre | G97: 50000 | H97: =H115 -> 30 | I97: =G97/H97 -> 1666.6667
H99: SUB-TOTAL | I99: =SUM(I96:I97) -> 1839.816
A100: II. MATERIALES EN OBRA
A101: DESCRIPCIÓN | F101: UN. | G101: P-UNIT. | H101: CANT. | I101: V-UNIT.
A102: melody cepillo para piso celda dura | F102: und | G102: 23900 | H102: 0.02 | I102: =+H102*G102 -> 478
A103: fax ariel x3000gr | F103: und | G103: 22000 | H103: 0.03 | I103: =+H103*G103 -> 660
H107: SUB-TOTAL | I107: =SUM(I102:I103) -> 1138
A108: III. TRANSPORTES
A109: MATERIAL | E109: Vol (M3) | F109: DIST. | G109: M3-KM | H109: TARIFA | I109: V-UNIT.
I110: =H110/32 -> 0
H112: SUB-TOTAL | I112: =I110 -> 0
A113: IV. MANO DE OBRA
A114: PERSONAL | F114: JORNAL MAS PRESTAC. | H114: REND. | I114: V-UNIT.
A115: =CUADRILLAS!B14 -> CUADRILLA 1 | F115: =CUADRILLAS!C14 -> 137600 | H115: 30 | I115: =F115/H115 -> 4586.6667
H117: SUB-TOTAL | I117: =SUM(I115:I116) -> 4586.6667
F118: TOTAL COSTO DIRECTO | I118: =+I117+I112+I107+I99 -> 7564.4827
A119: V. COSTOS INDIRECTOS
A120: DESCRIPCIÓN | H120: % | I120: V-TOTAL
A121: Administración | I121: =I118*H121/100 -> 0
A122: Utilidad | I122: =I118*H122/100 -> 0
A123: Imprevistos | I123: =I118*H123/100 -> 0
H124: SUB-TOTAL | I124: =SUM(I121:I123) -> 0
H126: TOTAL | I126: =I118+I124 -> 7564.4827
A128: DEPARTAMENTO DE ANTIOQUIA MUNICIPIO DE EL BAGRE | F128: ANALISIS DE PRECIOS UNITARIOS
A131: OBJETO : | B131: =Presupuesto!A5 -> MEJORAMIENTO Y ADECUACIÓN PARA LA RECUPERACIÓN URBANÍSTICA DEL PARQUE PRINCIPAL DEL CORREGIMIENTO DE PUERTO CLAVER, ZONA URBANA DEL MUNICIPIO DE EL BAGRE-ANTIOQUIA
A133: ITEM: | B133: =Presupuesto!#REF! -> #REF!
A134: =Presupuesto!#REF! -> #REF!
H135: UNIDAD: | I135: =Presupuesto!#REF! -> #REF!
A136: I. EQUIPO
A137: DESCRIPCIÓN | F137: CANT | G137: Vr. / DIA | H137: REND. | I137: V-UNIT.
A138: Herramienta menor | I138: 173.14933
...

Sheet F.P.S
A8: =Presupuesto!A5 -> MEJORAMIENTO Y ADECUACIÓN PARA LA RECUPERACIÓN URBANÍSTICA DEL PARQUE PRINCIPAL DEL CORREGIMIENTO DE PUERTO CLAVER, ZONA URBANA DEL MUNICIPIO DE EL BAGRE-ANTIOQUIA
A9: CALCULO DEL FACTOR DE SALARIO REAL
K10: DIAS | M10: 30
A12: CONCEPTO | B12: CALCULO | C12: VALOR MENSUAL | E12: VALOR DIARIO | G12: 365 DÍAS | I12: PORCENTAJE | L12: 496900
I13: PARCIAL | J13: TOTAL | L13: 59200
A14: SALARIO
A15: Sueldo. A | C15: A | D15: 1160000 | E15: D | F15: =+D15/$M$10 -> 38666.667 | G15: G | H15: =+F15*365 -> 14113333 | I15: =+H15/H15 -> 1
A16: Subsidio de transporte. B | C16: B | D16: 140606 | E16: E | F16: =+D16/$M$10 -> 4686.8667 | G16: H | H16: =+F16*365 -> 1710706.3 | I16: =+H16/H15 -> 0.12121207
A17: Subtotal. C | C17: C | D17: =SUM(D15:D16) -> 1300606 | E17: F | F17: =+D17/$M$10 -> 43353.533 | G17: I | H17: =+F17*365 -> 15824040 | J17: =SUM(I15:I16) -> 1.1212121
A19: PRESTACIONES SOCIALES A CARGO DEL EMPLEADOR
A20: Cesantías | B20: F*30 | H20: =+F17*30 -> 1300606 | I20: =+H20/$H$15 -> 0.092154417 | K20: =+H20/12 -> 108383.83
A21: Interés de cesantías | B21: Cesantia*12% | H21: =+H20*0.12 -> 156072.72 | I21: =+H21/$H$15 -> 0.01105853 | K21: =+H21/12 -> 13006.06
A22: Prima de servicios | B22: F*30 | H22: =+F17*30 -> 1300606 | I22: =+H22/$H$15 -> 0.092154417 | K22: =+H22/12 -> 108383.83
A23: Vacaciones | B23: D*15 | H23: =+F15*15 -> 580000 | I23: =+H23/$H$15 -> 0.04109589 | K23: =+H23/12 -> 48333.333
A24: Dotación | H24: 10000 | I24: =+H24/$H$15 -> 0.00070854983
A25: Subtotal | H25: =SUM(H20:H23) -> 3337284.7 | J25: =SUM(I20:I24) -> 0.2371718
A27: SEGURIDAD SOCIAL
A28: SALUD | B28: G*8,50% | H28: =+H15*0.085 -> 1199633.3 | I28: =+H28/H15 -> 0.085 | K28: =42200/496900 -> 0.084926545 | L28: =+H28/12 -> 99969.444
A29: PENSIÓN | B29: G*12% | H29: =+H15*0.12 -> 1693600 | I29: =+H29/H15 -> 0.12 | L29: =+H29/12 -> 141133.33
A30: RIESGOS PROFESIONALES | B30: G*6,96 | H30: =+H15*0.0696 -> 982288 | I30: =+H30/H15 -> 0.0696 | K30: =496900*0.0696 -> 34584.24 | L30: =+H30/12 -> 81857.333
A31: Subtotal | H31: =SUM(H28:H30) -> 3875521.3 | J31: =SUM(I28:I30) -> 0.2746
A33: APORTES PARAFISCALES
A34: Caja de compensación | B34: G*4 % | H34: =+H15*0.04 -> 564533.33 | I34: =+H34/$H$15 -> 0.04 | K34: =+(H34+H35+H36)/12 -> 105850
A35: I.C.B.F | B35: G*3 % | H35: =+H15*0.03 -> 423400 | I35: =+H35/$H$15 -> 0.03
A36: SENA | B36: G*2 % | H36: =+H15*0.02 -> 282266.67 | I36: =+H36/$H$15 -> 0.02
A37: Subtotal | J37: =SUM(I34:I36) -> 0.09
A39: TOTAL | J39: =SUM(J17:J37) -> 1.7229839

Sheet CUADRILLAS
A9: =Presupuesto!A5 -> MEJORAMIENTO Y ADECUACIÓN PARA LA RECUPERACIÓN URBANÍSTICA DEL PARQUE PRINCIPAL DEL CORREGIMIENTO DE PUERTO CLAVER, ZONA URBANA DEL MUNICIPIO DE EL BAGRE-ANTIOQUIA
A10: CUADRO DE SALARIO.
A12: DESCRIPCION | B12: CUADRILLAS | C12: COSTO
A14: 2 AYUDANTES | B14: CUADRILLA 1 | C14: =B32*2*1.72 -> 137600
A15: 1 OFICIAL 2 AYUDANTES | B15: CUADRILLA 2 | C15: =(B27+(B32*2))*1.72 -> 275200
A16: 1 OFICIAL 3 AYUDANTES | B16: CUADRILLA 3 | C16: =(B27+(B32*3))*1.72 -> 344000
A17: 1 OFICIAL 4 AYUDANTES | B17: CUADRILLA 4 | C17: =(B27+(B32*4))*1.72 -> 412800
A18: 1 OFICIAL 5 AYUDANTES | B18: CUADRILLA 5 | C18: =(B27+(B32*5))*1.72 -> 481600
A19: 1 OFICIAL 6 AYUDANTES | B19: CUADRILLA 6 | C19: =(B27+(B32*6))*1.72 -> 550400
A20: 1 TOPOGRAFO + 2 AYUDANTES | B20: CUADRILLA 7 | C20: =(B33+(B32*2))*1.72 -> 258000
A21: 1 SOLDADOR + 2 AYUDANTES | B21: CUADRILLA 8 | C21: =(B32+(B31*2))*1.72 -> 309600
A22: 1 FONTANERO 1 AYUDANTES | B22: CUADRILLA 9 | C22: =(B32+B27)*1.72 -> 206400
A23: 1 ELECTRICISTA 1 AYUDANTES | B23: CUADRILLA 10 | C23: =(B33+B28)*1.72 -> 240800
A24: 1 CARPINTERO + 1 AYUDANTES | B24: CUADRILLA 11 | C24: =(B32+B29)*1.72 -> 189200
A26: DESCRIPCION | B26: SALARIO (DIA) | C26: PRESTAC. SOCIAL | D26: SALARIO (MES)
A27: OFICIAL | B27: 80000 | C27: 0.72 | D27: =(B27*30)*1.72 -> 4128000
A28: FONTANERO | B28: 70000 | C28: 0.72 | D28: =(B28*30)*1.72 -> 3612000
A29: CARPINTERO | B29: 70000 | C29: 0.77 | D29: =(B29*30)*1.72 -> 3612000
A30: ELECTRICISTA | B30: =+B29 -> 70000 | C30: 0.72 | D30: =(B30*30)*1.72 -> 3612000
A31: SOLDADOR | B31: =+B30 -> 70000 | C31: 0.72 | D31: =(B31*30)*1.72 -> 3612000
A32: AYUDANTE | B32: 40000 | C32: 0.72 | D32: =(B32*30)*1.72 -> 2064000
A33: TOPOGRAFO | B33: 70000 | C33: 0.72 | D33: =(B33*30)*1.72 -> 3612000

Sheet A.U 
A8: MUNICIPIO DE EL BAGRE ANTIOQUIA
A10: =Presupuesto!A5 -> MEJORAMIENTO Y ADECUACIÓN PARA LA RECUPERACIÓN URBANÍSTICA DEL PARQUE PRINCIPAL DEL CORREGIMIENTO DE PUERTO CLAVER, ZONA URBANA DEL MUNICIPIO DE EL BAGRE-ANTIOQUIA
A11: DESCRIMINACION DE A . U
A14: COSTO DIRECTO DEL PROYECTO | B14: =Presupuesto!F39 -> 1.0535554e+08 | D14: VALOR EN SMMLV | F14: =+B14/E15 -> 90.823744
A15: DURACIÓN DEL PROYECTO | B15: 60 | C15: DÍAS | D15: SMMLV | E15: =+F.P.S!D15 -> 1160000
A16: COSTOS ADMINISTRATIVOS | B16: =+G31+G42+G54+G64+G66 -> 0.26312278
A18: 1. PERSONAL POR ADMINISTRACIÓN | B18: Cantidad | C18: Días | D18: Prestaciones | E18: Sal. Básico | F18: Valor total | G18: Porcentaje
A20: Descripción:
A21: Ingeniero Director
A22: tecnologo | B22: 1 | C22: =+B15 -> 60 | D22: 0.72 | E22: 110000 | F22: =+B22*E22*C22*(1+D22) -> 11352000 | G22: =+F22/$B$14 -> 0.10774943
A23: Encargado de obra
A24: Auxiliares
A25: Secretaria
A26: Comisión de Topografía
A27: Celaduría
A28: Plomero
A29: Almacenista
A30: Herramientero
A31: TOTAL PERSONAL ADMINISTRATIVO | G31: =SUM(G21:G30) -> 0.10774943
A33: 2. MOVILIZACIÓN E INSTALACIÓN | B33: Un | C33: Cantidad | D33: Días | E33: Tarifa | F33: Valor total | G33: Porcentaje
A34: Descripción:
A35: Valla informativa | B35: UN | C35: 2 | E35: 400000 | F35: =+E35*C35 -> 800000 | G35: =+F35/$B$14 -> 0.0075933356
A36: Movilización equipos
A37: Arrendamientos
A38: Oficinas, almacen
A39: Instalación provicional | B39: UN | C39: 2 | E39: 1200000 | F39: =+E39*C39 -> 2400000 | G39: =+F39/$B$14 -> 0.022780007
A40: Dotación campamento | G40: =+F40/$B$14 -> 0
A41: Cerramiento provisionales
A42: TOTAL MOVILIZACIÓN E INSTALACIÓN | G42: =SUM(G34:G41) -> 0.030373343
A44: 3. GASTOS GENERALES | B44: Un | C44: Cantidad | D44: Días | E44: Tarifa | F44: Valor total | G44: Porcentaje
A45: Descripción:
A46: Servicios públicos | F46: =+E46*C46 -> 0 | G46: =+F46/$B$14 -> 0
A47: Gastos de representación
A48: Oficina Principal
A49: Papelería | F49: =E49*C49 -> 0 | G49: =+F49/$B$14 -> 0
A50: Equipos de computo
A51: Equipos de comunicación
A52: Transporte personal obra
A53: Implemento de aseo
A54: TOTAL GASTOS GENERALES | G54: =SUM(G46:G53) -> 0
A56: 4. GASTOS LEGALES, JURIDICOS Y TRIBUTARIOS | B56: Un | C56: Cantidad | D56: Días | E56: Tarifa | F56: Valor total | G56: Porcentaje
A57: Descripción:
A58: Impuesto de timbre | G58: =+IF('A.U '!G27>132324000,0.5,0) -> 0
A59: Estampilla pro cultura | G59: 0.015
A60: Estampilla pro anciano | G60: 0.04
A61: Estampilla pro hospital | G61: 0.01
A62: Pólizas (RCE y Cumplimiento) | G62: 0.01
A63: Impuesto de guerra | G63: 0.05
A64: TOTAL GASTOS LEGALES JURIDICOS Y TRIBUTARIOS | G64: =SUM(G57:G63) -> 0.125
A66: INVERSIÓN AMBIENTAL | F66: 0 | G66: =+F66/$B$14 -> 0
A68: UTILIDADES ESPERADAS | G68: 0.05
A69: TOTAL COSTOS INDIRECTOS A.U | G69: =ROUND(G68+G67+B16,4) -> 0.3131

Sheet PLANTILLA
A1: DEPARTAMENTO DE ANTIOQUIA MUNICIPIO DE EL BAGRE | F1: ANALISIS DE PRECIOS UNITARIOS
A5: OBJETO : | B5: =+Presupuesto!A5 -> MEJORAMIENTO Y ADECUACIÓN PARA LA RECUPERACIÓN URBANÍSTICA DEL PARQUE PRINCIPAL DEL CORREGIMIENTO DE PUERTO CLAVER, ZONA URBANA DEL MUNICIPIO DE EL BAGRE-ANTIOQUIA
A7: ITEM: | C7: =+Presupuesto!B30 -> reparacion de anden existente en granito pilido y loseta
A8: =+Presupuesto!A30 -> 6.1
H9: UNIDAD: | I9: m2
A10: I. EQUIPO
A11: DESCRIPCIÓN | F11: CANT | G11: Vr. / DIA | H11: REND. | I11: V-UNIT.
A12: Herramienta menor | I12: =+ROUND(I36*0.05,0) -> 491
H15: SUB-TOTAL | I15: =ROUND(SUM(I12:I14),0) -> 491
A16: II. MATERIALES EN OBRA
A17: DESCRIPCIÓN | F17: UN. | G17: P-UNIT. | H17: CANT. | I17: V-UNIT.
A18: Concreto f'c= 3.000 psi. | F18: M3 | G18: 590606 | H18: =1*1*0.05 -> 0.05 | I18: =+ROUND(G18*H18,0) -> 29530
A19: loseta | F19: m2 | G19: 25000 | H19: 1 | I19: =+ROUND(G19*H19,0) -> 25000
A20: granito | F20: m2 | G20: 15000 | H20: 1 | I20: =+ROUND(G20*H20,0) -> 15000 | R20: kg | S20: 7209 | T20: 2.4
H25: SUB-TOTAL | I25: =SUM(I18:I24) -> 69530
A26: III. TRANSPORTES
A27: MATERIAL | E27: Vol (M3) | F27: DIST. | G27: M3-KM | H27: TARIFA | I27: V-UNIT.
A28: Interno | I28: =+ROUND(I25*0.05,0) -> 3477
H30: SUB-TOTAL | I30: =SUM(I28:I29) -> 3477
A31: IV. MANO DE OBRA
A32: PERSONAL | F32: JORNAL MAS PRESTAC. | H32: REND. | I32: V-UNIT.
A33: CUADRILLA 3 | F33: =+CUADRILLAS!C16 -> 344000 | H33: 35 | I33: =ROUND(F33/H33,0) -> 9829
H36: SUB-TOTAL | I36: =SUM(I33:I35) -> 9829
F38: TOTAL COSTO DIRECTO | I38: =+I36+I30+I25+I15 -> 83327
A39: V. COSTOS INDIRECTOS
A40: DESCRIPCIÓN | H40: % | I40: V-TOTAL
A41: Administración | I41: =ROUND(I38*H41/100,0) -> 0
A42: Utilidad | I42: =ROUND(I38*H42/100,0) -> 0
A43: Imprevistos | I43: =ROUND(I38*H43/100,0) -> 0
H44: SUB-TOTAL | I44: =SUM(I41:I43) -> 0
H46: TOTAL | I46: =I38+I44 -> 83327

Sheet BANCA
A1: DEPARTAMENTO DE ANTIOQUIA MUNICIPIO DE EL BAGRE | F1: ANALISIS DE PRECIOS UNITARIOS
A5: OBJETO : | B5: =+Presupuesto!A5 -> MEJORAMIENTO Y ADECUACIÓN PARA LA RECUPERACIÓN URBANÍSTICA DEL PARQUE PRINCIPAL DEL CORREGIMIENTO DE PUERTO CLAVER, ZONA URBANA DEL MUNICIPIO DE EL BAGRE-ANTIOQUIA
A7: ITEM: | C7: =+Presupuesto!B31 -> Suministro, transporte y colocación de BANCA CON ESPALDAR ESPECIFICACIONES / BANCA 3 PUESTOS Color: Gris; Instalación: Autoportante; Material: Concreto; Color: gris; Peso: 277 kg, Long: 1.80 m Incluye: anclaje y todas las especificaciones y detalles de los planos técnicos de fabricación y arquitectónicos. Incluye concreto de 21 Mpa para anclaje, acabado a la vista, excavación, ajustes de piso, cargue y botada de escombros.
A8: =+Presupuesto!A31 -> 6.2
H9: UNIDAD: | I9: UN
A10: I. EQUIPO
A11: DESCRIPCIÓN | F11: CANT | G11: Vr. / DIA | H11: REND. | I11: V-UNIT.
A12: Herramienta menor | I12: =+ROUND(I36*0.05,0) -> 1720
H15: SUB-TOTAL | I15: =ROUND(SUM(I12:I14),0) -> 1720
A16: II. MATERIALES EN OBRA
A17: DESCRIPCIÓN | F17: UN. | G17: P-UNIT. | H17: CANT. | I17: V-UNIT.
A18: Concreto f'c= 3.000 psi. | F18: M3 | G18: 590606 | H18: 0.018 | I18: =+ROUND(G18*H18,0) -> 10631
A19: BANCA CON ESPALDAR ESPECIFICACIONES / BANCA AEERO 3 PUESTOS Color: Gris | F19: UN. | G19: 1658860 | H19: 1 | I19: =+ROUND(G19*H19,0) -> 1658860
I20: =+ROUND(G20*H20,0) -> 0
H25: SUB-TOTAL | I25: =SUM(I18:I24) -> 1669491
A26: III. TRANSPORTES
A27: MATERIAL | E27: Vol (M3) | F27: DIST. | G27: M3-KM | H27: TARIFA | I27: V-UNIT.
A28: Interno | I28: =+ROUND(I25*0.05,0) -> 83475
H30: SUB-TOTAL | I30: =SUM(I28:I29) -> 83475
A31: IV. MANO DE OBRA
A32: PERSONAL | F32: JORNAL MAS PRESTAC. | H32: REND. | I32: V-UNIT.
A33: CUADRILLA 3 | F33: =+CUADRILLAS!C16 -> 344000 | H33: 10 | I33: =ROUND(F33/H33,0) -> 34400
H36: SUB-TOTAL | I36: =SUM(I33:I35) -> 34400
F38: TOTAL COSTO DIRECTO | I38: =+I36+I30+I25+I15 -> 1789086
A39: V. COSTOS INDIRECTOS
A40: DESCRIPCIÓN | H40: % | I40: V-TOTAL
A41: Administración | I41: =ROUND(I38*H41/100,0) -> 0
A42: Utilidad | I42: =ROUND(I38*H42/100,0) -> 0
A43: Imprevistos | I43: =ROUND(I38*H43/100,0) -> 0
H44: SUB-TOTAL | I44: =SUM(I41:I43) -> 0
H46: TOTAL | I46: =I38+I44 -> 1789086

Sheet ADOQUIN
A1: DEPARTAMENTO DE ANTIOQUIA MUNICIPIO DE EL BAGRE | F1: ANALISIS DE PRECIOS UNITARIOS
A5: OBJETO : | B5: =+Presupuesto!A5 -> MEJORAMIENTO Y ADECUACIÓN PARA LA RECUPERACIÓN URBANÍSTICA DEL PARQUE PRINCIPAL DEL CORREGIMIENTO DE PUERTO CLAVER, ZONA URBANA DEL MUNICIPIO DE EL BAGRE-ANTIOQUIA
A7: ITEM: | C7: =++Presupuesto!#REF! -> #REF!
A8: =+Presupuesto!A30 -> 6.1
H9: UNIDAD: | I9: m2
A10: I. EQUIPO
A11: DESCRIPCIÓN | F11: CANT | G11: Vr. / DIA | H11: REND. | I11: V-UNIT.
A12: Herramienta menor | I12: =+ROUND(I36*0.05,0) -> 491
N13: 1 | O13: 25
H15: SUB-TOTAL | I15: =ROUND(SUM(I12:I14),0) -> 491
A16: II. MATERIALES EN OBRA | M16: =1/(0.1*0.2) -> 50
A17: DESCRIPCIÓN | F17: UN. | G17: P-UNIT. | H17: CANT. | I17: V-UNIT.
A18: ADOQUIN | F18: M2 | G18: 115000 | H18: 1 | I18: =+ROUND(G18*H18,0) -> 115000 | K18: =2000*50 -> 100000
A19: Base en arena para adoquin | F19: m3 | G19: 70000 | H19: =0.1*0.2*0.05 -> 0.001 | I19: =+ROUND(G19*H19,0) -> 70
H25: SUB-TOTAL | I25: =SUM(I18:I24) -> 115070
A26: III. TRANSPORTES
A27: MATERIAL | E27: Vol (M3) | F27: DIST. | G27: M3-KM | H27: TARIFA | I27: V-UNIT.
A28: Interno | I28: =+ROUND(I25*0.05,0) -> 5754
H30: SUB-TOTAL | I30: =SUM(I28:I29) -> 5754
A31: IV. MANO DE OBRA
A32: PERSONAL | F32: JORNAL MAS PRESTAC. | H32: REND. | I32: V-UNIT.
A33: CUADRILLA 3 | F33: =+CUADRILLAS!C16 -> 344000 | H33: 35 | I33: =ROUND(F33/H33,0) -> 9829
H36: SUB-TOTAL | I36: =SUM(I33:I35) -> 9829
F38: TOTAL COSTO DIRECTO | I38: =+I36+I30+I25+I15 -> 131144
A39: V. COSTOS INDIRECTOS
A40: DESCRIPCIÓN | H40: % | I40: V-TOTAL
A41: Administración | I41: =ROUND(I38*H41/100,0) -> 0
A42: Utilidad | I42: =ROUND(I38*H42/100,0) -> 0
A43: Imprevistos | I43: =ROUND(I38*H43/100,0) -> 0
H44: SUB-TOTAL | I44: =SUM(I41:I43) -> 0
H46: TOTAL | I46: =I38+I44 -> 131144
